 Dungeon Crawl Stone Soup version 0.30-a0-620-g0e44632947 (webtiles) character file.

Game seed: 18030348870003866628

52 Dartaoz the Conjurer (level 3, 0/28 HPs)
             Began as a Draconian Conjurer on Jan 10, 2023.
             Slain by an orc
             ... wielding a +0 hand axe
              (2 damage)
             ... on level 2 of the Dungeon.
             The game lasted 00:05:35 (1651 turns).

Dartaoz the Conjurer (Draconian Conjurer)           Turns: 1651, Time: 00:05:36

Health: 0/28       AC:  5    Str:  9    XL:     3   Next: 60%
Magic:  1/6        EV: 12    Int: 20    God:
Gold:   33         SH:  0    Dex:  9    Spells: 3/6 levels left

rFire   . . .      SeeInvis .    b - +0 whip
rCold   . . .      Faith    .    (no shield)
rNeg    . . .      Spirit   .    (body armour unavailable)
rPois   .          Reflect  .    (helmet restricted)
rElec   .          Harm     .    (no cloak)
rCorr   .          Rampage  .    (no gloves)
Will    .....                    (no boots)
Stlth   ++                       (no amulet)
HPRegen 0.24/turn                (no ring)
MPRegen 0.10/turn                (no ring)

@: no status effects
A: AC +5, unfitting armour, cold-blooded
a: no special abilities


You were on level 2 of the Dungeon.
You visited 1 branch of the dungeon, and saw 2 of its levels.

You collected 63 gold pieces.
You spent 30 gold pieces at shops.

Inventory:

Hand Weapons
 b - a +0 whip (weapon)
Jewellery
 j - an amulet of reflection
Scrolls
 c - 4 scrolls of teleportation
 d - a scroll of vulnerability {unknown}
 f - a scroll of immolation {unknown}
 g - a scroll of fear {unknown}
 i - a scroll of amnesia {unknown}
 k - a scroll of noise {unknown}
 l - 2 scrolls of identify {unknown}
 n - a scroll of fog {unknown}
Potions
 a - a potion of magic
 e - a potion of curing {unknown}
 h - a potion of degeneration {unknown}
 m - a potion of lignification {unknown}


   Skills:
 + Level 1.1 Fighting
 + Level 2.3 Dodging
 + Level 2.4 Stealth
 + Level 2.4 Spellcasting
 + Level 4.3 Conjurations


You had 3 spell levels left.
You knew the following spells:

 Your Spells              Type           Power      Damage    Failure   Level
a - Magic Dart            Conj           76%        1d6       2%          1
b - Searing Ray           Conj           38%        2d5       4%          2

Your spell library contained the following spells:

 Spells                   Type           Power      Damage    Failure   Level
 Sting                    Tmut/Pois      8%         1d3       16%         1
 Dazzling Flash           Conj/Hex       22%        N/A       19%         3
 Poisonous Vapours        Pois/Air       4%         N/A       22%         2
 Fulminant Prism          Conj/Hex       5%         3d6       52%         4
 Iskenderun's Mystic Bla  Conj/Tloc      11%        2d4       52%         4
 Olgreb's Toxic Radiance  Pois           2%         N/A       83%         4


Dungeon Overview and Level Annotations

Branches:
Dungeon (2/15)

Altars:

Shops:
D:1 ?   D:2 *


Innate Abilities, Weirdness & Mutations

Your plain brown scales are hard. (AC +5)
You cannot fit into any form of body armour.
You are cold-blooded and may be slowed by cold attacks.


Message History

The orc hits you with a +0 hand axe.
You miss something. Something barely misses you. The orc barely misses you.
You miss something.
Your tail-slap misses something.
Something hits you but does no damage. The orc hits you but does no damage.
You completely miss something.
You feel less confused.
You hear some strange, mumbled words.
Something tries to affect you, but you resist.
The orc hits you with a +0 hand axe.
You barely miss something. Something hits you. The orc barely misses you.
You hear some strange, mumbled words.
Something tries to affect you, but you resist.
The orc hits you with a +0 hand axe.
You hit something but do no damage. Something hits you.
The orc barely misses you.
You barely miss something. Something hits you but does no damage.
The orc barely misses you.
You barely miss something. Something hits you but does no damage.
The orc hits you with a +0 hand axe.
You hit something but do no damage. Something hits you.
The orc barely misses you.
You closely miss something. Something hits you but does no damage.
The orc hits you but does no damage.
You miss something.
Your tail-slap misses something.
Something hits you but does no damage. The orc hits you with a +0 hand axe.
* * * LOW HITPOINT WARNING * * *
Okay, then.
Okay, then.
Casting: Magic Dart (safe; 2% risk of failure)
Confirm with . or Enter, or press ? or * to list all spells.
Aiming: Searing Ray (safe; 4% risk of failure)
Press: ? - help, Shift-Dir - straight line The searing ray hits something. (Press . to maintain the ray.)
You hear some strange, mumbled words.
A magic dart appears from out of thin air!
The magic dart hits you.
* * * LOW HITPOINT WARNING * * *
The orc hits you with a +0 hand axe.
You die...

####### ### #.....#
##.## #.###.#
####.#.####
#######.###.#
#...###...###
#........##.# ##..##
##..#.###.#####..##.#
#....###.#....##.#
#..##.#
#...#.#.##.....#.##
#..##.#
#...##....{@......#
#.....#
#...##.###o#.###.##
##.#### ....[##.#
#.#.# ### #.#
#.#[.###.# #.#.# #.##
#.#.. ... ..#+# #..#
# #.. ..####.
#####.## #### .
#(.....# ). #.#.#..#
). ##......##


You could see an orc.

Vanquished Creatures
  An adder (D:2)
  A dart slug (D:2)
  An orc (D:2)
  3 ball pythons
  2 endoplasms (D:1)
  5 giant cockroaches
  5 goblins (D:1)
  6 hobgoblins
  3 quokkas
  A bat (D:1)
  A frilled lizard (D:1)
  4 kobolds
  2 rats (D:1)
35 creatures vanquished.

Vanquished Creatures (others)
  2 plants (D:1)
2 creatures vanquished.

Grand Total: 37 creatures vanquished

Notes
Turn   | Place    | Note
-------+----------+-------------------------------------------
     0 | D:1      | Dartaoz the Draconian Conjurer began the quest for the Orb.
     0 | D:1      | Reached XP level 1. HP: 14/14 MP: 3/3
   128 | D:1      | Found Firiq's Magic Scroll Emporium.
   246 | D:1      | Reached XP level 2. HP: 19/20 MP: 0/5
   371 | D:1      | Found a faded altar of an unknown god.
  1054 | D:2      | Reached XP level 3. HP: 24/27 MP: 3/6
  1093 | D:2      | Learned a level 2 spell: Searing Ray
  1317 | D:2      | Found Cyqoimoll's General Store.
  1320 | D:2      | Bought a scroll of teleportation for 30 gold pieces
  1359 | D:2      | Reached skill level 1 in Fighting
  1651 | D:2      | Slain by an orc

Illustrated notes

Levels and vault maps discovered:
D:1:      lightli_arrival_flooded_house, layout_rooms,
          hellmonk_ecumenical_altar_crossroads, serial_shops, shop,
          serial_bayou_lagoon_a, columned_hall_lemuel
D:2:      layout_loops_corners, serial_shops, nicolae_shop_behind_doors,
          minmay_misc_feat_rows

Skill      XL: |  1  2  3 |
---------------+----------+-----
Stealth        | 2 |  2.4
Dodging        | 2 |  2.3
Fighting       | 1 |  1.1
Spellcasting   | |  2.4
Conjurations   | |  4.3

Action                   || total
-------------------------++-------
Melee: Whip              ||    42
       Unarmed           ||     1
       Tailslap          ||     1
 Cast: Magic Dart        ||    72
       Searing Ray       ||     1
Armor: Skin              ||    27
Dodge: Dodged            ||    32

Table legend: (Time is in decaauts)
 A = Elapsed time spent in this place.
 B = Non-inter-level travel time spent in this place.
 C = Inter-level travel time spent in this place.
 D = Time resting spent in this place.
 E = Time spent auto-exploring this place.
 F = Levels seen in this place.
 G = Mean time per level.
                   A        B        C        D        E       F      G
               +--------+--------+--------+--------+--------+-----+--------+
         Total |   1668 |   1620 |     48 |      0 |   1384 |   2 |  834.0 |
       Dungeon |   1668 |   1620 |     48 |      0 |   1384 |   2 |  834.0 |
               +--------+--------+--------+--------+--------+-----+--------+

Top non-repeatable levels by time:
     D:1: 1008 daAuts
     D:2: 660 daAuts
